 Dungeon Crawl Stone Soup version 0.15-a0-809-g8e1b895 (console) character file.

828 Heavyweight the Cudgeler (level 7, 0/62 HPs)
             Began as a Troll Hunter on May 14, 2014.
             Was an Initiate of Ashenzari.
             Succumbed to TZer0alt's ghost's poison
             ... on Level 5 of the Dungeon.
             The game lasted 00:10:22 (1568 turns).

Heavyweight the Cudgeler (Troll Hunter)             Turns: 1568, Time: 00:10:22

HP   0/62        AC  5     Str 26      XL: 7   Next: 65%
MP   6/12        EV 15     Int 12      God: Ashenzari [......]
Gold 46          SH  0     Dex 17      Spells:  0 memorised,  6 levels left

rFire  . . .     SeeInvis .     f - +0 flail (holy)
rCold  . . .     Clarity  .     w - +0 robe
rNeg   . . .     Conserve .     (shield restricted)
rPois  .         rCorr    .     (helmet restricted)
rElec  .         rRot     .     (no cloak)
SustAb . .       Spirit   +     (gloves unavailable)
rMut   .         Warding  .     (boots unavailable)
Gourm  +         Stasis   .     i - amulet of guardian spirit
MR     .....                    q - ring of magical power
                                r - ring of wizardry

@: invisible, mighty, brilliant, agile, lethally poisoned, very slightly
contaminated, not resistant to hostile enchantments, fairly stealthy
A: unfitting armour, claws 3, fast metabolism 3, gourmand, regeneration 2,
saprovore 2, shaggy fur 1, tough skin 2
a: Renounce Religion


You were on level 5 of the Dungeon.
You worshipped Ashenzari.
Ashenzari was noncommittal.
You were very full.

You visited 1 branch of the dungeon, and saw 5 of its levels.

You collected 46 gold pieces.

Inventory:

Hand weapons
 f - a +0,+0 flail of holy wrath (weapon)
 u - a +1,+2 flail
 B - a +0,+0 dire flail
Armour
 d - a +0 animal skin
 w - a +0 robe (worn)
 z - a +0 robe
 C - a +1 robe of fire resistance
Magical devices
 y - a wand of lightning (5)
Comestibles
 a - 2 meat rations
 k - 3 bread rations
 p - an apricot
Scrolls
 g - 4 scrolls of identify {unknown}
 h - 3 scrolls of teleportation {unknown}
 j - 2 scrolls of blinking {unknown}
 l - a scroll of fear {unknown}
 m - a scroll of remove curse
 v - 2 scrolls of enchant armour {unknown}
 x - a scroll of fog {unknown}
Jewellery
 e - an uncursed ring of teleport control
 i - an amulet of guardian spirit (around neck)
 q - a ring of magical power (right claw)
 r - a ring of wizardry (left claw)


   Skills:
 - Level 1.5 Fighting
 + Level 7.7 Maces & Flails
 - Level 3.8 Throwing
 - Level 1.5 Dodging
 - Level 0.4 Stealth
 - Level 1.0 Unarmed Combat


You had 6 spell levels left.
You didn't know any spells.

Dungeon Overview and Level Annotations

Branches:
Dungeon (5/15)
 Temple: D:4-7

Altars:
Ashenzari
Okawaru
Xom

Annotations:
D:5 TZer0alt's ghost, experienced FoAK


Innate Abilities, Weirdness & Mutations

You are too large for most types of armour.
You have claws for hands.
Your metabolism is lightning-fast.
You like to eat raw meat.
You heal very quickly.
You can eat rotten meat.
You are covered in fur (AC +1).
You have very tough skin (AC +2).


Message History

It was a potion of invisibility.
* * * LOW HITPOINT WARNING * * *
You feel sick. TZer0alt's ghost misses you.
You are very lightly contaminated with residual magic.
* * * LOW HITPOINT WARNING * * *
You feel sick.
You see here an arrow.
* * * LOW HITPOINT WARNING * * *
You feel sick.
* * * LOW HITPOINT WARNING * * *
You feel sick.
* * * LOW HITPOINT WARNING * * *
You feel sick.
* * * LOW HITPOINT WARNING * * *
You feel sick.
* * * LOW HITPOINT WARNING * * *
You feel sick.
* * * LOW HITPOINT WARNING * * *
You feel sick.
You die...

.....# #... #.......
.....# #... #......)
####. ####... #.......
.......##########..#####
...................#
#........((.....#
#...W####'#####.#
#....#........#.#
#...@'........#.#
#...[#........#)#
#....#........#(#
####...(##########(#
....................#
...................#####
...............W..(...).
.?......≈≈≈≈≈...(....)%.
#######≈###≈#.#########


You could see TZer0alt's ghost.

Vanquished Creatures
  Edmund (D:5)
  An ice beast (D:5)
  A sky beast (D:5)
  A phantom (D:4)
  A centaur (D:5)
  Blork the orc (D:5)
  A scorpion (D:4)
  A crimson imp (D:4)
  An orc priest (D:4)
  2 orc wizards (D:4)
  4 adders
  4 gnolls (D:4)
  An inept feature mimic (D:4)
  An ooze (D:1)
  9 orcs
  2 ball pythons (D:3)
  7 bats
  A bat skeleton (D:5)
  3 giant cockroaches
  A hobgoblin (D:2)
  A quokka (D:4)
  A giant newt (D:1)
  2 goblins
  2 jackals (D:3)
  7 kobolds
  A rat (D:2)
58 creatures vanquished.

Notes
Turn   | Place    | Note
--------------------------------------------------------------
     0 | D:1      | Heavyweight, the Troll Hunter, began the quest for the Orb.
     0 | D:1      | Reached XP level 1. HP: 19/19 MP: 1/1
   116 | D:2      | Reached XP level 2. HP: 27/27 MP: 0/1
   147 | D:2      | Reached skill level 1 in Maces & Flails
   320 | D:3      | Reached XP level 3. HP: 28/33 MP: 2/2
   358 | D:4      | Noticed a phantom
   389 | D:4      | Killed a phantom
   389 | D:4      | Reached XP level 4. HP: 31/41 MP: 1/2
   426 | D:4      | Found a staircase to the Ecumenical Temple.
   455 | D:4      | the staircase to the Ecumenical Temple was a mimic.
   463 | D:4      | Reached skill level 4 in Maces & Flails
   505 | D:4      | Noticed a scorpion
   512 | D:4      | Killed a scorpion
   512 | D:4      | Reached XP level 5. HP: 42/48 MP: 2/2
   652 | D:4      | Reached skill level 5 in Maces & Flails
   685 | D:4      | Reached XP level 6. HP: 43/55 MP: 3/3
   915 | D:5      | Entered Level 5 of the Dungeon
   945 | D:5      | Reached skill level 6 in Maces & Flails
  1028 | D:5      | Noticed TZer0alt's ghost (experienced FoAK)
  1160 | D:4      | Found a shattered altar of Ashenzari.
  1160 | D:4      | Found a shimmering altar of Xom.
  1171 | D:4      | Became a worshipper of Ashenzari the Shackled
  1343 | D:5      | Reached XP level 7. HP: 40/62 MP: 3/3
  1389 | D:5      | Noticed Edmund
  1397 | D:5      | Killed Edmund
  1397 | D:5      | Reached skill level 7 in Maces & Flails
  1484 | D:5      | Found an iron altar of Okawaru.
  1500 | D:5      | Noticed Blork the orc
  1526 | D:5      | Killed Blork the orc
  1561 | D:5      | HP: 3/62 [poisoned by TZer0alt's ghost]
  1565 | D:5      | HP: 1/62 [poisoned by TZer0alt's ghost]
  1568 | D:5      | Succumbed to TZer0alt's ghost's poison

Action                   |  1- 3 |  4- 6 |  7- 9 || total
-------------------------+-------+-------+-------++-------
Melee: Unarmed           |    75 |    90 |       ||   165
       Flail             |       |    18 |    36 ||    54
Throw: Large rock        |    11 |    20 |     8 ||    39
       Throwing net      |       |       |     3 ||     3
Evoke: Wand              |       |     1 |       ||     1
  Use: Potion            |       |       |     5 ||     5
 Stab: Held in net/web   |       |       |     1 ||     1
